 Dungeon Crawl Stone Soup version 0.25-a0-733-gf7d8cd8a05 (webtiles) character file.

Game seed: 16831265012097845914, levelgen mode: deterministic

211 kae the Ruffian (level 5, -6/40 HPs)
             Began as a Draconian Transmuter on Apr 9, 2020.
             Mangled by a hornet zombie (10 damage)
             ... on level 4 of the Dungeon.
             The game lasted 00:03:15 (4545 turns).

kae the Ruffian (Draconian Transmuter)              Turns: 4545, Time: 00:03:16

Health: -6/40      AC:  5    Str: 14    XL:     5   Next: 57%
Magic:  17/18      EV: 12    Int: 13    God:
Gold:   149        SH:  0    Dex: 11    Spells: 4/10 levels left

rFire    . . .     SeeInvis .   d - +1 whip
rCold    . . .     Gourm    .   (no shield)
rNeg     . . .     Faith    .   (armour unavailable)
rPois    .         Spirit   .   (helmet restricted)
rElec    .         Reflect  .   (no cloak)
rCorr    .         Harm     .   (no gloves)
MR       .....                  (no boots)
Stlth    +.........             (no amulet)
HPRegen  0.13/turn              p - ring of magical power
MPRegen  0.16/turn              (no ring)

@: very slightly contaminated
A: unfitting armour, cold-blooded, AC +5
a: no special abilities


You were on level 4 of the Dungeon.
You were hungry.

You visited 1 branch of the dungeon, and saw 4 of its levels.

You collected 149 gold pieces.

Inventory:

Hand Weapons
 d - a +1 whip (weapon)
Missiles
 a - 98 arrows
Jewellery
 m - an uncursed amulet of faith
 p - a ring of magical power (left hand)
Scrolls
 f - a scroll of identify
 g - 2 scrolls of amnesia
 i - 3 scrolls of remove curse
 s - a scroll of fog
Potions
 b - a potion of heal wounds
 e - a potion of might
 h - 4 potions of curing {unknown}
 j - 2 potions of brilliance {unknown}
 k - a potion of resistance {unknown}
 n - a potion of invisibility
 r - a potion of haste
Comestibles
 c - 4 rations


   Skills:
 - Level 1.1 Fighting
 - Level 1.7 Dodging
 * Level 5.0 Unarmed Combat
 + Level 3.1 Spellcasting
 + Level 3.3 Transmutations


You had 4 spell levels left.
You knew the following spells:

 Your Spells              Type           Power        Failure   Level  Hunger
a - Beastly Appendage     Tmut           ##....       6%          1    #......
b - Sticks to Snakes      Tmut           ##......     9%          2    ##.....
c - Spider Form           Tmut/Pois      #.........   34%         3    ###....

Your spell library contained the following spells:

 Spells                   Type           Power        Failure   Level  Hunger
 Ice Form                 Ice/Tmut       #.......     75%         4    #####..
 Blade Hands              Tmut           ##........   85%         5    ######.


Dungeon Overview and Level Annotations

Branches:
Dungeon (4/15)
 Temple: D:4-7

Altars:
Ashenzari


Innate Abilities, Weirdness & Mutations

Your plain brown scales are hard. (AC +5)
You cannot fit into any form of body armour.
You are cold-blooded and may be slowed by cold attacks.


Message History

You hit the hornet zombie but do no damage.
The hornet zombie is moderately damaged.
The hornet zombie closely misses you. x2
You bite the hornet zombie!
The hornet zombie is moderately damaged.
The hornet zombie hits you!
You bite the hornet zombie!
The hornet zombie is heavily damaged.
Your transformation has ended.
Your +1 whip unmelds from your body.
The hornet zombie hits you!
You barely miss the hornet zombie.
The hornet zombie is heavily damaged.
The hornet zombie hits you.
* * * LOW HITPOINT WARNING * * *
You closely miss the hornet zombie.
The hornet zombie is heavily damaged.
The hornet zombie hits you.
* * * LOW HITPOINT WARNING * * *
The hornet zombie hits you!
You die...

#..o##..##.##.#
#...........#.#
#...###..#..#.#
####...# ##.#..#.#
#.....## #.#..#.#
#..)..#####....#.#
#..............#
#)....#.Z......#
#.....#@###....#
#####.#...#.#..#
#.#<#.#.#>.#
#.#.#.#.#..≈P #####
#÷#.# #.P≈P≈≈#
########...###.#.#≈P≈P
P≈P#
...............#≈PPP≈♣
########...###≈.PP♣
#...PP.≈≈≈♣≈≈PP


You could see a hornet zombie.

Vanquished Creatures
  A hound (D:4)
  2 iguanas
  4 adders
  An adder skeleton (D:4)
  2 worms
  3 dart slugs
  2 leopard geckos (D:1)
  2 orcs
  9 bats
  A giant cockroach (D:1)
  11 goblins
  8 hobgoblins
  2 jackals (D:4)
  7 kobolds
  3 quokkas
  2 ball pythons
  3 frilled lizards
  8 rats
71 creatures vanquished.

Vanquished Creatures (collateral kills)
  An adder (D:3)
  A worm (D:2)
  A bat (D:3)
3 creatures vanquished.

Grand Total: 74 creatures vanquished

Notes
Turn   | Place    | Note
-------+----------+-------------------------------------------
     0 | D:1      | kae the Draconian Transmuter began the quest for the Orb.
     0 | D:1      | Reached XP level 1. HP: 16/16 MP: 3/3
    86 | D:1      | Reached XP level 2. HP: 13/23 MP: 3/5
   878 | D:1      | Reached XP level 3. HP: 14/28 MP: 4/6
  1680 | D:2      | You fall into a shaft and drop 1 floor!
  2306 | D:2      | Reached skill level 4 in Unarmed Combat
  2313 | D:2      | Learned a level 2 spell: Sticks to Snakes
  2319 | D:2      | Learned a level 3 spell: Spider Form
  2864 | D:3      | Reached XP level 4. HP: 14/35 MP: 4/7
  3158 | D:3      | Found a shattered altar of Ashenzari.
  3710 | D:4      | Reached XP level 5. HP: 15/40 MP: 9/9
  4099 | D:4      | Reached skill level 5 in Unarmed Combat
  4545 | D:4      | Mangled by a hornet zombie

Levels and vault maps discovered:
D:1:      co_arrival_square_in_a_square_in_a_square, layout_basic,
          minmay_fountain_box
D:2:      layout_basic, minmay_split_cup_small
D:3:      layout_rooms, ashenzari_altar_1, nrook_loot_triangle
D:4:      layout_basic, serial_bayou_lagoon_a

Skill      XL: |  1  2  3  4  5 |
---------------+----------------+-----
Unarmed Combat | 4 5 |  5.0
Transmutations | 3 |  3.3
Spellcasting   | 3 |  3.1
Fighting       | |  1.1
Dodging        | |  1.7

Action                   |  1- 3 |  4- 6 || total
-------------------------+-------+-------++-------
Melee: Unarmed           |    24 |    42 ||    66
       Whip              |   210 |    46 ||   256
       Tailslap          |    30 |     2 ||    32
       Kick              |    13 |     1 ||    14
       Punch             |     2 |     2 ||     4
       Headbutt          |     5 |     1 ||     6
 Cast: Beastly Appendage |    27 |     6 ||    33
       Sticks to Snakes  |     2 |     1 ||     3
       Spider Form       |       |     6 ||     6
  Use: Scroll            |     4 |     8 ||    12
       Potion            |       |     1 ||     1
  Eat: Chunk             |     6 |     7 ||    13
Armor: Skin              |    71 |    29 ||   100
Dodge: Dodged            |   162 |    81 ||   243

Table legend:
 A = Non-vault XP
 B = Vault XP
 C = Vault XP percentage of total XP
 D = Non-vault monster count
 E = Vault monster count
 F = Vault count percentage of total count
                 A         B        C        D         E       F
            +---------+---------+-------+---------+---------+-------
      Total |     296 |       6 |   2.0 |      71 |       3 |   4.1
            +---------+---------+-------+---------+---------+-------
        D:1 |      46 |       0 |   0.0 |      25 |       0 |   0.0
        D:2 |      34 |       6 |  15.0 |      19 |       3 |  13.6
        D:3 |      95 |       0 |   0.0 |      17 |       0 |   0.0
        D:4 |     121 |       0 |   0.0 |      10 |       0 |   0.0
            +---------+---------+-------+---------+---------+-------
